 Dungeon Crawl Stone Soup version 0.19-a0-1238-gee6bd96 (webtiles) character file.

21713 Duffy the Cleaver (level 13, -4/100 HPs)
             Began as a Human Gladiator on Aug 26, 2016.
             Was a High Priest of Cheibriados.
             Slain by a yak (12 damage)
             ... led by a torpor snail
             ... on level 4 of the Lair of Beasts.
             The game lasted 00:18:32 (15059 turns).

Duffy the Cleaver (Human Gladiator)                Turns: 15059, Time: 00:18:33

Health: -4/100     AC: 21    Str: 34    XL:     13   Next: 22%
Magic:  19/19      EV: 19    Int: 22    God:    Cheibriados [*****.]
Gold:   254        SH:  0    Dex: 29    Spells: 0 memorised, 12 levels left

rFire  . . .     SeeInvis .     C - +5 battleaxe (freeze)
rCold  + . .     Gourm    .     E - +3 chain mail {rPois}
rNeg   . . .     Faith    .     (shield currently unavailable)
rPois  +         Spirit   .     c - +1 helmet
rElec  .         Dismiss  .     n - +0 cloak
rCorr  .         Reflect  .     (no gloves)
MR     .....     Harm     .     s - +2 pair of boots
Stlth  ..........               (no amulet)
                                w - ring of protection from cold
                                (no ring)

@: slowed, very slow
A: no striking features
a: Bend Time, Temporal Distortion, Slouch, Step From Time, Renounce Religion


You were on level 4 of the Lair of Beasts.
You worshipped Cheibriados.
Cheibriados was extremely pleased with you.
You were not hungry.

You visited 2 branches of the dungeon, and saw 14 of its levels.
You also visited: Ice Cave.

You collected 654 gold pieces.
You spent 400 gold pieces at shops.

Inventory:

Hand Weapons
 b - a +2 scimitar of flaming
 C - a +5 battleaxe of freezing (weapon)
Missiles
 d - 3 throwing nets (quivered)
Armour
 c - a +1 helmet (worn)
 n - a +0 cloak (worn)
 s - a +2 pair of boots (worn)
 x - a +2 chain mail of fire resistance
 E - a +3 chain mail of poison resistance (worn)
Jewellery
 w - a ring of protection from cold (right hand)
Wands
 e - a wand of polymorph (17/24)
 m - a wand of lightning (6/15)
 u - a wand of flame (30/48)
 y - a wand of acid (15/15)
Scrolls
 a - 2 scrolls of acquirement {unknown}
 h - a scroll of magic mapping
 k - a scroll of fear {unknown}
 l - a scroll of blinking {unknown}
 o - a scroll of recharging
 p - a scroll of fog
 q - a scroll of amnesia {unknown}
 v - 5 scrolls of remove curse
Potions
 g - a potion of flight
 j - 6 potions of curing
 z - 2 potions of might
Miscellaneous
 B - a fan of gales
Comestibles
 f - 7 bread rations
 i - 3 chunks of flesh
 r - 3 meat rations
 t - 3 slices of pizza
 A - 7 fruits


   Skills:
 + Level 8.8 Fighting
 + Level 13.1 Axes
 - Level 2.0 Throwing
 + Level 8.9 Armour
 + Level 9.4 Dodging
 - Level 8.0 Invocations


You had 12 spell levels left.
You didn't know any spells.

Dungeon Overview and Level Annotations

Branches:
Dungeon (10/15)            Temple (0/1) D:7            Lair (4/6) D:9
    Orc (0/2) D:10
  Swamp: Lair:2-4    Shoals: Lair:2-4     Snake: Lair:2-4    Spider: Lair:2-4

Altars:
Ashenzari
Cheibriados
Dithmenos
Elyvilon
Gozag
Nemelex Xobeh
Okawaru
Ru
Sif Muna
Uskayaw
Xom
Yredelemnul
Zin
The Shining One

Shops:
D:5 (   D:9 (


Message History

A torpor snail comes into view.
You see here a hydra corpse.
Wield which item (- for none, * to show all)? (? for menu, Esc to quit)
Your +2 scimitar of flaming stops flaming.
a - 2 scrolls labeled WEAMIC COAQORGH (in hand)
The yak barely misses you.
You fail to use your ability.
The yak closely misses you. The yak barely misses you. x2
Wield which item (- for none, * to show all)? (? for menu, Esc to quit)
Your +5 battleaxe of freezing glows with a cold blue light!
C - a +5 battleaxe of freezing (weapon)
You slash the yak! You freeze the yak.
The yak is moderately wounded.
You hit the yak. You freeze the yak. The yak gores you.
The yak gores you but does no damage. The yak gores you.
The yak gores you but does no damage.
You slice the yak!! You freeze the yak.
The yak is almost dead.
You slash the yak! You freeze the yak! The yak gores you!
You die...

...................
...................
...................
...................
...................
...................
......wY...........
.......Y@..<.......
#.................P
###.^.......####.##
##P#...P###
########


You could see a torpor snail and 2 yaks.

Vanquished Creatures
  Gastronok (D:8)
  A frost giant (IceCv)
  2 hydras
  Erica (D:8)
  A death yak (IceCv)
  Pikel (D:8)
  A hill giant (D:10)
  3 elephants (Lair:3)
  A spiny frog (Lair:3)
  A rime drake (IceCv)
  A troll (D:9)
  9 polar bears (IceCv)
  A two-headed ogre (D:9)
  7 blink frogs (Lair:3)
  A spriggan (D:7)
  A vampire (D:10)
  13 yaks
  A wyvern (D:9)
  A human (D:4)
  A hungry ghost (D:9)
  A water moccasin (Lair:1)
  3 porcupines
  2 orc warriors
  2 black bears
  3 ice beasts
  2 sky beasts
  6 ogres
  3 phantoms
  2 necrophages
  7 wolves
  5 centaurs
  5 crocodiles
  5 big kobolds
  15 giant frogs
  2 wyvern skeletons
  A water moccasin skeleton (D:5)
  6 killer bees (D:7)
  2 scorpions
  2 howler monkeys
  4 wights
  A centaur zombie (D:8)
  5 crimson imps
  A giant frog zombie (D:5)
  2 hounds
  6 orc priests
  13 orc wizards
  3 giant frog skeletons
  2 jellies
  Jessica (D:2)
  A centaur skeleton (D:4)
  Ijyb (D:2)
  4 iguanas
  7 worker ants
  2 killer bee zombies (D:8)
  A hound skeleton (D:6)
  A hound zombie (D:7)
  A howler monkey skeleton (D:4)
  7 adders
  4 gnolls (D:5)
  20 river rats
  2 shadow imps
  3 adder zombies
  3 worms
  2 dart slugs
  7 giant geckos
  49 orcs
  6 bats
  6 giant cockroaches
  8 goblins
  11 hobgoblins
  12 jackals
  4 quokkas
  A ball python (D:4)
  A giant gecko zombie (D:8)
  6 giant newts
  26 kobolds
  A kobold skeleton (D:4)
  A kobold zombie (D:4)
  7 rats
366 creatures vanquished.

Vanquished Creatures (others)
  A slave (D:8)
  3 wights (D:8)
  A giant frog skeleton (D:8)
  An orc wizard (D:9)
  3 orcs
  A goblin zombie (D:4)
  A fungus (Lair:3)
11 creatures vanquished.

Grand Total: 377 creatures vanquished

Notes
Turn   | Place    | Note
-------+----------+-------------------------------------------
     0 | D:1      | Duffy the Human Gladiator began the quest for the Orb.
     0 | D:1      | Reached XP level 1. HP: 16/16 MP: 1/1
    25 | D:1      | Reached XP level 2. HP: 17/22 MP: 2/2
   441 | D:1      | Reached skill level 4 in Axes
   441 | D:1      | Reached XP level 3. HP: 24/27 MP: 3/3
   968 | D:2      | Noticed Jessica
   986 | D:2      | Killed Jessica
   986 | D:2      | Reached skill level 5 in Axes
   986 | D:2      | Reached XP level 4. HP: 33/33 MP: 4/4
  1672 | D:2      | Noticed Ijyb
  1682 | D:2      | Killed Ijyb
  1682 | D:2      | Reached XP level 5. HP: 33/38 MP: 5/5
  1976 | D:2      | Found an opulent altar of Gozag.
  1990 | D:3      | Found an iron altar of Okawaru.
  2199 | D:3      | Reached skill level 6 in Axes
  2318 | D:3      | Reached XP level 6. HP: 28/44 MP: 6/6
  2917 | D:3      | Found a shadowy altar of Dithmenos.
  3046 | D:4      | Found a runed door.
  3046 | D:4      | Noticed a human
  3052 | D:4      | Found a basalt altar of Yredelemnul.
  3088 | D:4      | Killed a human
  3088 | D:4      | Reached skill level 7 in Axes
  3088 | D:4      | Reached XP level 7. HP: 33/50 MP: 7/7
  3667 | D:4      | Reached skill level 8 in Axes
  3809 | D:4      | Noticed a dagger
  3809 | D:4      | Noticed a dagger
  3811 | D:4      | Found a hide-covered altar of Uskayaw.
  4506 | D:4      | Found a snail-covered altar of Cheibriados.
  4525 | D:4      | Became a worshipper of Cheibriados the Contemplative
  4859 | D:5      | Entered Level 5 of the Dungeon
  4970 | D:5      | Reached XP level 8. HP: 55/58 MP: 8/8
  4986 | D:5      | Found Nog Zadd's Antique Weapon Shoppe.
  5271 | D:5      | Reached skill level 9 in Axes
  5706 | D:5      | Reached * piety under Cheibriados
  6103 | D:5      | Reached skill level 5 in Fighting
  6205 | D:5      | Found a glowing silver altar of Zin.
  6358 | D:5      | Reached XP level 9. HP: 59/68 MP: 9/9
  6713 | D:6      | Reached skill level 10 in Axes
  6745 | D:6      | Reached skill level 1 in Armour
  6904 | D:6      | Reached ** piety under Cheibriados
  6947 | D:6      | Found a white marble altar of Elyvilon.
  7676 | D:6      | Found a sparkling altar of Nemelex Xobeh.
  8071 | D:7      | Reached *** piety under Cheibriados
  8253 | D:7      | Reached skill level 5 in Dodging
  8378 | D:7      | Reached XP level 10. HP: 76/76 MP: 10/10
  8683 | D:7      | Reached skill level 5 in Armour
  9023 | D:7      | Reached **** piety under Cheibriados
  9023 | D:7      | Reached skill level 1 in Invocations
  9255 | D:7      | Found a staircase to the Ecumenical Temple.
  9445 | D:8      | Noticed Erica
  9470 | D:8      | Killed Erica
  9723 | D:8      | Noticed Pikel
  9730 | D:8      | Killed Pikel
  9730 | D:8      | Reached XP level 11. HP: 73/83 MP: 13/13
 10170 | D:8      | Found a deep blue altar of Sif Muna.
 10176 | D:8      | Noticed Gastronok
 10621 | D:9      | Found a staircase to the Lair.
 10621 | D:9      | Found Qareto's Weapon Shop.
 10632 | D:9      | Bought a +3 battleaxe of chopping for 400 gold pieces
 10660 | D:9      | Reached ***** piety under Cheibriados
 10789 | D:9      | Reached skill level 5 in Invocations
 10837 | D:9      | Found a sacrificial altar of Ru.
 10938 | D:9      | Reached skill level 11 in Axes
 11659 | D:10     | Entered Level 10 of the Dungeon
 11659 | D:10     | Found a glowing golden altar of the Shining One.
 11814 | D:10     | Noticed a hill giant
 11821 | D:10     | Killed a hill giant
 11966 | D:10     | Found a staircase to the Orcish Mines.
 12644 | D:8      | Killed Gastronok
 12644 | D:8      | Reached skill level 12 in Axes
 12644 | D:8      | Reached XP level 12. HP: 67/91 MP: 17/17
 12796 | D:8      | Found a shattered altar of Ashenzari.
 12879 | D:8      | You fall through a shaft!
 13153 | D:8      | Found a shimmering altar of Xom.
 13265 | Lair:1   | Entered Level 1 of the Lair of Beasts
 13369 | Lair:1   | Found a frozen archway.
 13378 | IceCv    | Entered an ice cave
 13624 | IceCv    | Noticed a frost giant
 13625 | IceCv    | Noticed a death yak
 13630 | IceCv    | Killed a death yak
 13635 | IceCv    | Killed a frost giant
 14630 | Lair:3   | Noticed a five-headed hydra
 14635 | Lair:3   | Killed an eight-headed hydra
 14635 | Lair:3   | Reached XP level 13. HP: 77/99 MP: 19/19
 14997 | Lair:3   | Reached skill level 13 in Axes
 15036 | Lair:4   | Noticed a four-headed hydra
 15051 | Lair:4   | Killed a two-headed hydra
 15059 | Lair:4   | Slain by a yak

Vault maps used:
D:1:      dpeg_arrival_tiny_d
D:2:      lemuel_upstairs_altar, first_bread, uniq_jessica, uniq_iyjb
D:3:      grunt_dithmenos_smoke, okawaru_metal_pillars_3
D:4:      cheibriados_altar_1, dancing_weapons_uskayaw, supply_closet_lemuel,
          dk_yredelemnul_ordeal
D:5:      lemuel_doored_altar, serial_shops, shop
D:6:      old_standard_altar, kennysheep_little_box
D:7:      hex_medium, the_bakery
D:8:      lemuel_coloured_pillars_altar, kennysheep_mini, ashenzari_altar_1,
          uniq_gastronok, uniq_pikel, uniq_erica
D:9:      nicolae_ru_sacrificial_ziggurat, lair_0_dummy, serial_shops,
          nicolae_shop_crystal
D:10:     orc_0_dummy, basic_altar
Lair:1:   portal_ice_cave_entry_pillars_2, disabler_island
Lair:2:   minmay_snake_entry_guardpost_medium, beast_lair_carwin_1
Lair:3:   grunt_megastairs_3
Lair:4:   elwin_shoals_entry_rocks, beast_lair_carwin_5
IceCv:    ice_cave_caverns_03

Skill      XL: |  1  2  3  4  5  6  7  8  9 10 11 12 13 |
---------------+----------------------------------------+-----
Axes           | 4 5 6 7 8 9 10 12 13 | 13.1
Fighting       | 3 5 6 7 8 |  8.8
Armour         | 4 6 8 |  8.9
Dodging        | 5 7 9 |  9.4
Invocations    | 3 7 8 |  8.0
Throwing       | |  2.0

Action                   |  1- 3 |  4- 6 |  7- 9 | 10-12 | 13-15 || total
-------------------------+-------+-------+-------+-------+-------++-------
Melee: War axe           |    95 |   200 |   382 |   207 |       ||   884
       Battleaxe         |       |       |       |   219 |    49 ||   268
       Scimitar          |       |       |       |       |     8 ||     8
Invok: Slouch            |       |       |       |     3 |       ||     3
       Temporal Distorti |       |       |       |     1 |       ||     1
  Use: Scroll            |       |       |    13 |     7 |       ||    20
       Potion            |       |       |     3 |     5 |       ||     8
  Eat: Chunk             |       |     7 |    13 |    13 |     1 ||    34
Armor: Leather armour    |    33 |       |       |       |       ||    33
       Chain mail        |    18 |   119 |   226 |   190 |    35 ||   588
       Skin              |       |       |     8 |     7 |       ||    15
Dodge: Dodged            |    71 |    84 |   206 |   347 |    87 ||   795
